AoeStats
← nidia.arfanotti

Black Forest

510241790Analyzed
2v2 RM · 23h ago on Sep 30, 2026· 28m 43s· 4 players
Game mode
Random Map
Map size
Medium (4 player)
Population
200
Speed
Normal
Resources
Standard
Victory
Conquest
Starting age
Dark Age
Ending age
Imperial Age
RankedLock teamsTeams togetherTeam positionsShared explorationLock speedFull tech treeHidden civsTurbo modeCheats
Victory
Defeat
🇲🇽 Spanish · Mexico
832
+12
🇲🇽 Bohemians · Mexico
817
+13
🇦🇷 Hindustanis · Argentina
768
-33
🇺🇸 Britons · United States
725
-12
RancidMeerkat
11:21 Feudal Age
19:05 Castle Age
18:55 Stone Mining
20:31 Fletching
25:29 Bodkin Arrow
nidia.arfanotti
3:53 Loom
12:12 Feudal Age
20:45 Castle Age
21:39 Double-Bit Axe
22:02 Man-at-Arms
22:27 Arson
22:04 Pikeman
22:44 Squires
23:32 Wheelbarrow
22:43 Town Watch
23:54 Stone Mining
24:16 Scale Mail Armor
26:58 Horse Collar
28:29 Long Swordsman
Deltacastro
0:49 Loom
12:26 Feudal Age
16:50 Castle Age
14:52 Double-Bit Axe
15:38 Horse Collar
22:07 Fletching
23:11 Stone Mining
26:40 Gold Mining
26:53 Heavy Plow
28:08 Bodkin Arrow
28:13 Padded Archer Armor
NepeDorado
0:54 Loom
14:31 Feudal Age
17:49 Fletching
23:20 Castle Age
21:39 Horse Collar
23:08 Double-Bit Axe
25:58 Heavy Plow
Connection lost

Rejoining the realm…

Still unreachable

The connection could not be restored.

Session expired

The server has moved on; the page needs a fresh start.